 Dungeon Crawl Stone Soup version 0.30.1-4-g462c640d31 (webtiles) character file.

Game seed: 3340812644420605947

949 Fecro the Covert (level 7, -13/35 HPs)
             Began as a Spriggan Brigand on Aug 8, 2023.
             Was an Initiate of Dithmenos.
             Killed from afar by Maggie (20 damage)
             ... with a bolt of fire
             ... on level 5 of the Dungeon on Aug 18, 2023.
             The game lasted 00:20:11 (5818 turns).

Fecro the Covert (Spriggan Brigand)                 Turns: 5818, Time: 00:20:11

Health: -13/35     AC:  3    Str:  7    XL:     7   Next: 89%
Magic:  8/8        EV: 18    Int: 12    God:    Dithmenos [......]
Gold:   245        SH:  0    Dex: 19    Spells: 6/6 levels left

rFire   . . .        a - +3 dagger
rCold   . . .        (no shield)
rNeg    . . .        b - +0 robe
rPois   .            (helmet restricted)
rElec   .            c - +0 cloak
rCorr   .            (gloves unavailable)
SInv    +            (boots unavailable)
Will    +....        (no amulet)
Stlth   +++++        g - ring of flight
HPRegen 0.25/turn    (no ring)
MPRegen 0.11/turn

%: no passive effects
@: flying, mesmerised, very quick
A: very small, no large weapons, unfitting armour, see invisible, speed 3
a: Renounce Religion


You were on level 5 of the Dungeon.
You worshipped Dithmenos.
Dithmenos was noncommittal.
You visited 2 branches of the dungeon, and saw 8 of its levels.
You also visited: Sewer.

You collected 245 gold pieces.

Inventory:

Hand Weapons
 a - a +3 dagger (weapon)
Missiles
 d - 20 poisoned darts
 e - 2 curare-tipped darts
 p - an atropa-tipped dart (quivered)
Armour
 b - a +0 robe (worn)
 c - a +0 cloak (worn)
Jewellery
 f - a ring of protection from cold
 g - a ring of flight (left hand)
 z - a ring of positive energy
Wands
 l - a wand of charming (7)
 m - a wand of flame (5)
 r - a wand of roots (9)
 s - a wand of mindburst (10)
Scrolls
 i - 2 scrolls of blinking
 j - a scroll of magic mapping
 n - a scroll of amnesia
 u - a scroll of identify
 y - 2 scrolls of fog
 B - a scroll of noise
Potions
 h - 6 potions of haste
 k - 2 potions of flight {unknown}
 o - a potion of magic {unknown}
 q - a potion of degeneration {unknown}
 t - a potion of resistance {unknown}
 v - a potion of invisibility {unknown}
 x - a potion of heal wounds {unknown}
 A - 2 potions of might {unknown}
 D - a potion of curing {unknown}


   Skills:
 + Level 2.5 Fighting
 + Level 4.6 Short Blades
 * Level 3.9 Throwing
 + Level 3.4 Dodging
 * Level 11.6 Stealth
 + Level 0.7 Evocations


You had 6 spell levels left.
You didn't know any spells.
Your spell library was empty.

Dungeon Overview and Level Annotations

Branches:
Dungeon (7/15)             Temple (1/1) D:5           Sewer (visited)

Altars:
Ashenzari
Cheibriados
Dithmenos
Elyvilon
Fedhas
Gozag
Kikubaaqudgha
Okawaru
Qazlal
Sif Muna
Trog
Uskayaw
Vehumet
Xom
Yredelemnul
Zin
The Shining One

Shops:
D:1 :   D:3 [

Annotations:
D:5 Maggie


Innate Abilities, Weirdness & Mutations

You are very small and have problems with some larger weapons.
You are too small for most types of armour.
You have supernaturally acute eyesight. (SInv)
You cover ground extremely quickly. (Speed+++)


Message History

Maggie attempts to bespell you! You resist.
You are too injured to fight recklessly!
Throw: 4 darts (curare)
Press: ? - help, Q - select action, (/) - cycle Shift-Dir - straight line, f - Maggie
Aim: Maggie, wielding a +2 heavy scimitar and wearing +0 steam dragon scales (63% to hit)
You throw a curare-tipped dart.
The curare-tipped dart closely misses Maggie.
Throw: 3 darts (curare)
Press: ? - help, Q - select action, (/) - cycle Shift-Dir - straight line, f/p - Maggie
Aim: Maggie, wielding a +2 heavy scimitar and wearing +0 steam dragon scales (63% to hit)
You throw a curare-tipped dart. The curare-tipped dart hits Maggie.
Maggie is poisoned.
Maggie convulses.
Maggie seems to slow down.
Maggie is lightly wounded.
You are too injured to fight recklessly!
Throw: 2 darts (atropa)
Press: ? - help, Q - select action, (/) - cycle Shift-Dir - straight line, f/p - Maggie
Aim: Maggie, wielding a +2 heavy scimitar and wearing +0 steam dragon scales (lightly wounded, very poisoned, slow, 63% to hit, chance to blind on hit: 79%)
You throw an atropa-tipped dart. The atropa-tipped dart hits Maggie.
Maggie appears confused.
Maggie is lightly wounded.
Maggie seems less confused.
You hit Maggie but do no damage.
Maggie is moderately wounded.
You hit Maggie.
Maggie is moderately wounded.
Maggie is no longer blind.
Maggie hits you with a +2 heavy scimitar!
* * * LOW HITPOINT WARNING * * *
You are too injured to fight recklessly!
Maggie is no longer moving slowly.
Maggie points at you and mumbles some strange words.
The bolt of fire misses you.
Maggie mumbles some strange words.
Maggie attempts to bespell you!
You are mesmerised by Maggie!
Maggie points at you and mumbles some strange words.
The bolt of fire hits you!!
Ouch! That really hurt!
You die...

#.........#...#(.....# ##.
#............##......###)#
######.#####.##......##...
#.#...#)##@.....##...
##.#...'....#######...
##..#...#....# ##.#
##...#####....# ##.
##.............# ##..
#.......@......#### #.#.
#...(.......##....# #.##
#...........##....# #.#.
##..........[.....# ##..
###................# ##.
#..................# ##.#
#........#..###....####...
#........##.##.......##...
#.....................#...


You could see Maggie (mesmerising, poisoned).

Vanquished Creatures
  An ogre (D:5)
  A phantom (D:5)
  4 kobold brigands (Sewer)
  3 hounds
  An orc priest (D:5)
  3 iguanas
  2 orc wizards (D:5)
  A gnoll (D:5)
  12 adders
  A river rat (Sewer)
  9 worms
  A dart slug (D:5)
  7 orcs
  5 ball pythons
  6 bats
  8 endoplasms
  2 giant cockroaches
  6 goblins
  2 hobgoblins (D:3)
  6 quokkas
  3 frilled lizards
  11 kobolds
  5 rats
100 creatures vanquished.

Vanquished Creatures (collateral kills)
  A jelly (D:5)
  An endoplasm (D:1)
2 creatures vanquished.

Grand Total: 102 creatures vanquished

Notes
Turn   | Place    | Note
-------+----------+-------------------------------------------
     0 | D:1      | Fecro the Spriggan Brigand began the quest for the Orb.
     0 | D:1      | Reached XP level 1. HP: 10/10 MP: 2/2
    11 | D:1      | Reached skill level 6 in Stealth
   103 | D:1      | Found Uloovace's Book Shop.
   180 | D:1      | Reached XP level 2. HP: 15/15 MP: 3/3
   929 | D:2      | Reached skill level 7 in Stealth
  1046 | D:2      | Reached XP level 3. HP: 15/18 MP: 4/4
  1594 | D:3      | Found a glowing silver altar of Zin.
  1647 | D:3      | Reached XP level 4. HP: 23/23 MP: 5/5
  1784 | D:3      | Found a transporter.
  1790 | D:3      | Reached skill level 8 in Stealth
  1808 | D:3      | Found a transporter.
  2198 | D:3      | Found a faded altar of an unknown god.
  2513 | D:3      | Found Husk's Antique Armour Emporium.
  2640 | D:4      | Reached XP level 5. HP: 24/26 MP: 6/6
  2875 | D:4      | You are sucked into a shaft and drop 3 floors!
  2884 | D:6      | Noticed a steam dragon
  2884 | D:6      | Noticed an ogre
  2885 | D:6      | Noticed Maggie
  2891 | D:6      | Noticed a phantom
  2904 | D:5      | Entered Level 5 of the Dungeon
  3087 | D:5      | Reached skill level 9 in Stealth
  3107 | D:5      | Noticed a phantom
  3357 | D:4      | Reached XP level 6. HP: 30/30 MP: 7/7
  3735 | D:4      | Upgraded the game from 0.30.1-3-gfc49f6343a to
                  | 0.30.1-4-g462c640d31
  3774 | D:5      | Found a glowing drain.
  3782 | Sewer    | Entered a sewer
  3867 | Sewer    | Reached skill level 10 in Stealth
  4259 | Sewer    | Reached XP level 7. HP: 12/35 MP: 8/8
  4520 | D:5      | Found a staircase to the Ecumenical Temple.
  4530 | Temple   | Entered the Ecumenical Temple
  4707 | Temple   | Became a worshipper of Dithmenos the Shadowed
  5411 | D:5      | Reached skill level 11 in Stealth
  5818 | D:5      | Killed from afar by Maggie

Illustrated notes

Levels and vault maps discovered:
D:1:      dpeg_arrival_pond, layout_basic, serial_shops, shop_fountains
D:2:      layout_loops_cross, serial_glass, glass_columns_a, glass_columns_a,
          glass_columns_b, glass_columns_a, glass_columns_c, glass_columns_a,
          glass_columns_a, glass_columns_c, glass_columns_c, glass_columns_a,
          glass_columns_c, glass_columns_b, glass_columns_a, glass_columns_a,
          feat_on_display, nicolae_concentric_dashed_squares_wild
D:3:      gammafunk_steamed_eel, layout_loops_corners,
          mainiacjoe_overflow_boulevard, serial_shops,
          nicolae_shop_pleasant_corner_grove,
          hellmonk_ecumenical_altar_inner_sanctum
D:4:      layout_loops_ring
D:5:      nicolae_cairo_tiling, layout_basic, minmay_temple_entry_grid,
          cheibrodos_sewer_entry_bend, enter_ossuary_2, st_stairs_2,
          cheibrodos_gnoll_hut
D:6:      layout_loops_ring, nicolae_ru_great_annihilating_truth,
          nicolae_shop_firing_range, uniq_maggie
D:7:      wad_crossroads, layout_cave_pools, makhleb_heckhound_becter,
          enter_bailey_4, uniq_prince_ribbit1
Temple:   bh_familiar_temple

Skill      XL: |  1  2  3  4  5  6  7 |
---------------+----------------------+-----
Stealth        | 6 7 8 9 10 11 | 11.6
Short Blades   | 3 4 |  4.6
Fighting       | 2 |  2.5
Dodging        | 2 3 |  3.4
Throwing       | 3 |  3.9
Evocations     | |  0.7

Action                     |  1- 3 |  4- 6 |  7- 9 || total
---------------------------+-------+-------+-------++-------
  Melee: Dagger            |    95 |   200 |   145 ||   440
         Punch             |     2 |       |     5 ||     7
  Throw: Dart              |       |     3 |    17 ||    20
  Evoke: Wand              |       |     5 |       ||     5
    Use: Scroll            |     4 |     6 |     5 ||    15
   Stab: Sleeping          |    16 |    19 |     6 ||    41
 Armour: Robe              |     6 |     8 |     2 ||    16
  Dodge: Dodged            |    41 |   120 |    72 ||   233
